 Dungeon Crawl Stone Soup version 0.30.1-8-g117510f58f (webtiles) character file.

Game seed: 2443962826860831203

78799 jurchenman the Eclecticist (level 15, -22/72 HPs)
             Began as a Deep Elf Fire Elementalist on Sept 20, 2023.
             Was a High Priest of Vehumet.
             Killed by an exploding bloated husk (34 damage)
             ... on level 1 of the Swamp on Sept 22, 2023.
             The game lasted 02:50:32 (33065 turns).

jurchenman the Eclecticist (DEFE)                  Turns: 33065, Time: 02:50:33

Health: -22/72     AC: 16    Str:  7    XL:     15   Next: 19%
Magic:  7/37       EV: 23    Int: 30    God:    Vehumet [*****.]
Gold:   152        SH:  5    Dex: 15    Spells: 4/46 levels left

rFire   + . .        m - staff of fire
rCold   . . .        (no shield)
rNeg    . . .        A - +2 steam dragon scales
rPois   .            p - +2 helmet "Toxtuamn" {Str+2}
rElec   .            P - +2 cloak
rCorr   +            (no gloves)
SInv    .            J - +2 pair of boots "Hoybutur" {Will+ rCorr Int+2}
Will    +++..        c - amulet "Gire Muani" {Reflect Will+ SH+5}
Stlth   +            Q - ring of wizardry
HPRegen 0.32/turn    U - +5 ring of evasion
MPRegen 0.25/turn

%: reflection, wizardry (x1)
@: studying Fire Magic, very slow
A: no striking features
a: Renounce Religion


You were on level 1 of the Swamp.
You worshipped Vehumet.
Vehumet was extremely pleased with you.
You visited 5 branches of the dungeon, and saw 23 of its levels.
You also visited: Ossuary.

You collected 2725 gold pieces.
You spent 2573 gold pieces at shops.

Inventory:

Hand Weapons
 h - a +3 short sword of freezing
 i - a +0 dagger
 n - a +1 dagger of draining
 x - a +3 dagger of venom
 C - a +0 dagger of flaming
Missiles
 t - a throwing net
Armour
 p - the +2 helmet "Toxtuamn" (worn) {Str+2}
   (You found it on level 4 of the Dungeon)

   Str:       It affects your strength (+2).
 w - a +2 ring mail of positive energy
 A - +2 steam dragon scales (worn)
 I - a scarf of resistance
 J - the +2 pair of boots "Hoybutur" (worn) {Will+ rCorr Int+2}
   (You bought it in a shop on level 10 of the Dungeon)

   Int:       It affects your intelligence (+2).
   rCorr:     It protects you from acid and corrosion.
   Will:      It increases your willpower.
 P - a +2 cloak (worn)
 T - a +2 robe of fire resistance
Magical Staves
 m - a staff of fire (weapon)
Jewellery
 c - the amulet "Gire Muani" (around neck) {Reflect Will+ SH+5}
   (You acquired it on level 1 of the Dungeon)

   [amulet of reflection]

   It reflects blocked missile attacks.
   SH:        It affects your SH (+5).
   Will:      It increases your willpower.
 f - an amulet of the acrobat
 N - an amulet of guardian spirit
 O - a ring of ice
 Q - a ring of wizardry (left hand)
 S - an amulet of faith
 U - a +5 ring of evasion (right hand)
Wands
 b - a wand of paralysis (16)
 e - a wand of acid (11)
 k - a wand of mindburst (26)
 q - a wand of digging (3)
 D - a wand of roots (6)
 G - a wand of flame (34)
Scrolls
 d - a scroll of silence
 o - 6 scrolls of teleportation
 r - 7 scrolls of identify
 s - a scroll of poison
 B - 2 scrolls of fear
 E - a scroll of fog
 K - a scroll of magic mapping
 M - 2 scrolls of amnesia
Potions
 a - 3 potions of heal wounds
 g - a potion of brilliance
 j - 4 potions of curing
 l - a potion of berserk rage
 u - 2 potions of might
 v - 2 potions of haste
 z - a potion of flight
 F - a potion of invisibility
 L - a potion of ambrosia
Miscellaneous
 R - a lightning rod (4/4)


   Skills:
 - Level 12.5 Dodging
 - Level 2.4 Stealth
 + Level 16.1 Spellcasting
 + Level 13.6 Conjurations
 - Level 6.7 Hexes
 + Level 7.2 Translocations
 - Level 6.0 Transmutations
 + Level 13.2 Fire Magic
 - Level 5.4 Air Magic
 - Level 2.0 Earth Magic
 - Level 9.1 Poison Magic
 + Level 5.5 Evocations


You had 4 spell levels left.
You knew the following spells:

 Your Spells              Type           Power      Damage    Failure   Level
a - Foxfire               Conj/Fire      100%       2x1d9     0%          1
b - Scorch                Fire           100%       2d9       0%          2
c - Inner Flame           Hex/Fire       90%        N/A       1%          3
d - Magic Dart            Conj           100%       1d8       0%          1
e - Volatile Blastmotes   Fire/Tloc      100%       2d18      1%          3
f - Flame Wave            Conj/Fire      100%       2d21      1%          4
g - Searing Ray           Conj           100%       2d8       0%          2
h - Iskenderun's Mystic   Conj/Tloc      72%        2d15      1%          4
i - Ignite Poison         Fire/Tmut/Pois 88%        N/A       1%          3
j - Mephitic Cloud        Conj/Pois/Air  69%        N/A       1%          3
k - Olgreb's Toxic Radia  Pois           68%        N/A       1%          4
l - Stone Arrow           Conj/Erth      100%       3d13      1%          3
m - Fireball              Conj/Fire      51%        3d20      1%          5
n - Sticky Flame          Conj/Fire      100%       2d11      1%          4

Your spell library contained the following spells:

 Spells                   Type           Power      Damage    Failure   Level
 Plasma Beam              Fire/Air       44%        2x1d63    1%          6
 Kiss of Death            Conj/Necr      100%       2d13      1%          1
 Necrotise                Necr           96%        1d8       1%          1
 Shock                    Conj/Air       100%       1d9       1%          1
 Call Imp                 Summ           48%        N/A       1%          2
 Confusing Touch          Hex            59%        N/A       1%          3
 Dazzling Flash           Conj/Hex       100%       N/A       1%          3
 Gell's Gravitas          Tloc           61%        N/A       1%          3
 Portal Projectile        Hex/Tloc       100%       N/A       1%          3
 Swiftness                Air            55%        N/A       1%          3
 Teleport Other           Tloc           61%        N/A       1%          3
 Airstrike                Air            27%        2d(4-20)  1%          4
 Vampiric Draining        Necr           24%        2d7       2%          3
 Dispel Undead            Necr           24%        3d12      8%          4
 Iskenderun's Battlesphe  Conj           82%        2d13      1%          5
 Conjure Ball Lightning   Conj/Air       34%        3x3d11    1%          6
 Starburst                Conj/Fire      51%        6d14      1%          6
 Orb of Destruction       Conj           41%        9d11      1%          7
 Metabolic Englaciation   Hex/Ice        22%        N/A       5%          5
 Dispersal                Tloc           30%        N/A       6%          6
 Agony                    Necr           24%        N/A       21%         5
 Shatter                  Erth           18%        3d17*     100%        9


Dungeon Overview and Level Annotations

Branches:
Dungeon (14/15)            Temple (1/1) D:5            Lair (5/5) D:9
  Swamp (1/4) Lair:2        Snake (0/4) Lair:3        Slime (0/5) Lair:5
    Orc (2/2) D:9             Elf (0/3) Orc:2        Vaults (0/5) D:14
Ossuary (visited)

Altars:
Ashenzari
Cheibriados
Dithmenos
Elyvilon
Fedhas
Gozag
Hepliaklqana
Kikubaaqudgha
Makhleb
Nemelex Xobeh
Okawaru
Ru
Sif Muna
Trog
Uskayaw
Vehumet
Wu Jian
Xom
Yredelemnul
Zin
The Shining One

Shops:
D:7 *   D:10 ***:[(   Orc:1 *   Orc:2 ?:*?:

Annotations:
D:9 3 runed translucent doors
D:11 3 runed translucent doors, hawkwood's ghost, journeyman DgAr
Lair:4 2 transporters, Duteqan's ghost, journeyman TrFi
Swamp:1 Mlioglotl


Message History

You destroy the vampire mosquito!
Vehumet accepts your kill.
The mystic blast hits the vampire mosquito!
You destroy the vampire mosquito!
Vehumet accepts your kill.
The mystic blast hits the vampire mosquito!
You destroy the vampire mosquito!
Vehumet accepts your kill.
You feel your power returning.
The spriggan rider hits you from afar with a +0 spear.
* * * LOW HITPOINT WARNING * * *
You see here 12 gold pieces.
Casting: Iskenderun's Mystic Blast (safe; 1% risk of failure)
Confirm with . or Enter, or press ? or * to list all spells.
You erupt in a blast of force!
The mystic blast hits the spriggan rider.
The spriggan rider is heavily wounded.
The spriggan rider is knocked back by the mystic blast.
The mystic blast hits the swamp worm!
The swamp worm is severely wounded.
The swamp worm is knocked back by the mystic blast.
Your surroundings suddenly seem different.
Splash!
You fall into the shallow water.
Moving in this stuff is going to be slow.
Mlioglotl, the Unformed Horror comes into view.
Found a scroll of teleportation, a club and a quarterstaff.
As you read the scroll of teleportation, it crumbles to dust.
You feel strangely unstable. Mlioglotl hits you but does no damage.
Mlioglotl completely misses you.
Mlioglotl churns violently!
Mlioglotl seems to grow stronger.
You enter the shallow water.
Moving in this stuff is going to be slow.
Your surroundings suddenly seem different.
Splash!
A bloated husk comes into view.
The bloated husk explodes!
The blast of putrescent gases engulfs you!!
You die...

~~~.~ t~~§....~~...~
~~~~ .. §...~~~~.~~
~~. ..~~~~~.~~~~.. ~.♣
.~.~.~~~~~~~.. ♣♣~.♣♣
. .~..♣~..§~~~.♣
♣...~♣♣..
...yi§......♣
♣♣...~~...
♣~..§§....♣♣
♣.@~~....~
♣~§°†.w.~~~♣
♣.~~~.~♣.~
.♣..§...[.~♣~...~~~.♣♣
....w~...~♣♣~..~.~..♣
.~~.i♣♣~..~~~.~♣~..♣♣
...~.~ ♣♣.~~~.♣♣♣♣♣♣
~~~..♣♣ ..~~. ~~~...
.♣~.~ ~~~.~. ♣♣♣♣


There were no monsters in sight!

Vanquished Creatures
  An ettin (Orc:2)
  2 fire dragons (Lair:5)
  Josephine (Orc:1)
  2 hydras
  3 centaur warriors
  A ghost crab (Swamp:1)
  5 two-headed ogres
  A boulder beetle (D:12)
  9 death yaks (Lair:5)
  3 tengu warriors
  7 orc high priests
  Sonja (Orc:1)
  Nergalle (D:10)
  A skyshark (Lair:5)
  A skeletal warrior (D:14)
  A bog body (Swamp:1)
  A deep elf archer (D:14)
  3 orc knights
  A lindwurm (Lair:5)
  5 deep elf pyromancers
  2 swamp dragons
  2 manticores
  6 cyclopes
  2 black mambas
  9 elephants (Lair:5)
  5 torpor snails (Lair:5)
  6 cane toads
  4 unseen horrors
  3 rime drakes
  3 centaur skeletons (D:14)
  4 gargoyles
  14 komodo dragons
  2 kobold demonologists
  6 trolls
  9 meliai
  A wolf spider simulacrum (D:14)
  A harpy skeleton (D:14)
  4 tyrant leeches (Lair:5)
  6 hornets (Lair:5)
  18 blink frogs
  3 shadows
  47 yaks
  4 wraiths
  2 wyverns
  5 basilisks
  4 steam dragons
  12 vampire mosquitoes
  A swamp worm (Swamp:1)
  8 wargs
  6 acid dragons
  A naga (Lair:3)
  9 water moccasins
  A swamp drake (Lair:5)
  18 orc warriors
  2 sky beasts (D:7)
  2 ice beasts
  8 black bears
  7 centaurs
  9 ogres
  3 wolves (Lair:1)
  A phantom (D:5)
  3 gnoll sergeants
  12 bullfrogs
  6 kobold brigands
  3 scorpions
  7 water moccasin zombies (Ossuary)
  5 spriggan skeletons (D:13)
  9 killer bees
  3 electric eels (Lair:5)
  A troll skeleton (D:13)
  2 howler monkeys
  34 orc priests
  3 hounds
  2 jellies (D:8)
  2 sleepcaps (D:8)
  2 gnoll boudas
  Ijyb (D:3)
  23 iguanas
  23 orc wizards
  2 mummies (Ossuary)
  19 gnolls
  8 adders
  2 shadow imps
  A white imp (D:7)
  4 adder zombies
  2 worms
  A dart slug (D:2)
  80 orcs
  3 ball pythons
  7 endoplasms
  8 giant cockroaches
  2 gnoll zombies (Ossuary)
  10 goblins
  3 hobgoblins (D:4)
  4 jackals
  18 kobolds
  5 quokkas
  A ball python skeleton (D:3)
  15 bats
  24 frilled lizards
  3 hobgoblin zombies (Ossuary)
  6 kobold zombies (Ossuary)
  5 orc zombies (Ossuary)
  6 rats
690 creatures vanquished.

Vanquished Creatures (collateral kills)
  A foxfire (D:3)
1 creature vanquished.

Vanquished Creatures (others)
  A bloated husk (Swamp:1)
  A swamp worm (Swamp:1)
  A jelly (D:7)
  A quokka (D:9)
  484 foxfires
488 creatures vanquished.

Grand Total: 1179 creatures vanquished

Notes
Turn   | Place    | Note
-------+----------+-------------------------------------------
     0 | D:1      | jurchenman the Deep Elf Fire Elementalist began the quest
                  | for the Orb.
     0 | D:1      | Reached XP level 1. HP: 10/10 MP: 6/6
   242 | D:1      | Reached XP level 2. HP: 15/15 MP: 4/8
   469 | D:1      | Learned a level 2 spell: Scorch
   662 | D:1      | Found a faded altar of an unknown god.
   935 | D:1      | Reached XP level 3. HP: 19/19 MP: 7/10
   939 | D:1      | Learned a level 3 spell: Inner Flame
  1002 | D:1      | Identified a scroll of acquirement
  1002 | D:1      | Acquired the amulet "Gire Muani" {Reflect Will+ SH+5}
  1803 | D:2      | Reached skill level 1 in Hexes
  1863 | D:2      | Reached skill level 4 in Spellcasting
  2048 | D:2      | Reached XP level 4. HP: 24/24 MP: 6/12
  2785 | D:3      | Noticed Ijyb
  2793 | D:3      | Killed Ijyb
  3311 | D:4      | Reached XP level 5. HP: 28/28 MP: 11/13
  3330 | D:4      | Learned a level 1 spell: Magic Dart
  3335 | D:4      | Identified the +2 helmet "Toxtuamn" {Str+2}
  3372 | D:4      | Noticed an ogre
  3377 | D:4      | Killed an ogre
  3736 | D:4      | Reached skill level 5 in Spellcasting
  3760 | D:4      | Reached XP level 6. HP: 32/32 MP: 11/15
  3863 | D:5      | Entered Level 5 of the Dungeon
  4118 | D:5      | Found a sand-covered staircase.
  4127 | Ossuary  | Entered an ossuary
  4152 | Ossuary  | Reached skill level 5 in Fire Magic
  4269 | Ossuary  | Reached XP level 7. HP: 36/36 MP: 12/17
  4517 | Ossuary  | Learned a level 3 spell: Volatile Blastmotes
  4645 | Ossuary  | Reached skill level 1 in Translocations
  4647 | Ossuary  | Reached skill level 6 in Spellcasting
  4949 | D:5      | Reached skill level 5 in Hexes
  4953 | D:5      | Reached XP level 8. HP: 29/41 MP: 3/19
  5069 | D:5      | Reached skill level 5 in Conjurations
  5217 | D:5      | Found a staircase to the Ecumenical Temple.
  5225 | Temple   | Entered the Ecumenical Temple
  5231 | Temple   | Became a worshipper of Vehumet
  5720 | D:5      | Got the Textbook on Charmed Orogeny
  5767 | D:5      | You fall into a shaft and drop 2 floors!
  5784 | D:7      | Reached skill level 7 in Spellcasting
  6480 | D:6      | Found a broken altar of Ashenzari.
  6784 | D:5      | Learned a level 4 spell: Flame Wave
  6822 | D:6      | Reached * piety under Vehumet
  6822 | D:6      | Offered knowledge of Shock by Vehumet.
  7319 | D:6      | Found an opulent altar of Gozag.
  7320 | D:6      | Found a bloodstained altar of Trog.
  7384 | D:6      | Reached XP level 9. HP: 45/45 MP: 17/22
  7425 | D:6      | Reached skill level 5 in Dodging
  8291 | D:7      | Found Zyecvua's Fire Supplies.
  8457 | D:8      | Noticed a two-headed ogre
  8528 | D:7      | Reached skill level 8 in Spellcasting
  8849 | D:7      | Noticed a troll
  8853 | D:7      | Killed a troll
  9510 | D:8      | Reached skill level 9 in Spellcasting
  9616 | D:8      | Reached ** piety under Vehumet
  9616 | D:8      | Offered knowledge of Searing Ray by Vehumet.
  9664 | D:8      | Learned a level 2 spell: Searing Ray
  9817 | D:8      | Killed a two-headed ogre
  9818 | D:8      | Reached XP level 10. HP: 50/50 MP: 17/25
 10357 | D:8      | Learned a level 4 spell: Iskenderun's Mystic Blast
 10617 | D:9      | Noticed a gargoyle
 10628 | D:9      | Killed a gargoyle
 10649 | D:9      | Noticed a two-headed ogre
 10859 | D:9      | Reached skill level 10 in Spellcasting
 11228 | D:9      | Found a runed translucent gate.
 11228 | D:9      | Found a runed translucent gate.
 11228 | D:9      | Found a runed translucent gate.
 11230 | D:9      | Noticed a glowing orange brain
 11231 | D:9      | Noticed a red ugly thing
 11231 | D:9      | Noticed a cyan ugly thing
 11232 | D:9      | Noticed a red ugly thing
 11233 | D:9      | Noticed a cyan ugly thing
 11233 | D:9      | Noticed a skyshark
 11246 | D:9      | Found a staircase to the Lair.
 11329 | D:9      | Offered knowledge of Ignite Poison by Vehumet.
 11355 | D:9      | Learned a level 3 spell: Ignite Poison
 11359 | D:9      | Learned a level 3 spell: Mephitic Cloud
 11377 | D:9      | Reached skill level 1 in Transmutations
 11377 | D:9      | Reached skill level 1 in Air Magic
 11377 | D:9      | Reached skill level 1 in Poison Magic
 11697 | D:9      | Found a staircase to the Orcish Mines.
 11777 | D:9      | Killed a two-headed ogre
 11908 | D:9      | Reached XP level 11. HP: 43/54 MP: 12/27
 12085 | D:9      | Reached skill level 11 in Spellcasting
 12337 | D:9      | Found a white marble altar of Elyvilon.
 12458 | D:10     | Entered Level 10 of the Dungeon
 12458 | D:10     | Found Xuceom's Antique Weapon Shoppe.
 12728 | D:10     | Found Ixebir's Book Boutique.
 12759 | D:10     | Found Itodoyf's Armour Shoppe.
 12767 | D:10     | Bought the +2 pair of boots "Hoybutur" {Will+ rCorr Int+2}
                  | for 442 gold pieces
 12830 | D:10     | Found Epyolan's General Store.
 12865 | D:10     | Noticed Nergalle
 12872 | D:10     | Killed Nergalle
 13034 | D:10     | Noticed a two-headed ogre
 13038 | D:10     | Killed a two-headed ogre
 13145 | D:10     | Found Noxesini's Needful Niceties.
 13160 | D:10     | Found Rainagit's General Store.
 13389 | D:10     | Reached *** piety under Vehumet
 13976 | D:11     | Found a runed translucent gate.
 14407 | D:11     | Reached skill level 12 in Spellcasting
 14511 | D:11     | Offered knowledge of Olgreb's Toxic Radiance by Vehumet.
 14512 | D:11     | Reached skill level 10 in Conjurations
 14515 | D:11     | Reached skill level 5 in Poison Magic
 14630 | D:11     | Learned a level 4 spell: Olgreb's Toxic Radiance
 14814 | D:11     | Noticed hawkwood's ghost (journeyman DgAr)
 14816 | D:11     | Found a runed translucent gate.
 14817 | D:11     | Found a runed translucent gate.
 15009 | D:12     | Reached skill level 5 in Transmutations
 15168 | D:12     | Noticed a boulder beetle
 15359 | D:12     | Reached XP level 12. HP: 41/59 MP: 21/30
 15468 | D:12     | Killed a boulder beetle
 15469 | D:12     | Reached skill level 5 in Air Magic
 16262 | D:12     | Reached **** piety under Vehumet
 16607 | Lair:1   | Entered Level 1 of the Lair of Beasts
 16623 | Lair:1   | Offered knowledge of Stone Arrow by Vehumet.
 16703 | Lair:1   | Learned a level 3 spell: Stone Arrow
 17109 | Lair:1   | Reached skill level 1 in Earth Magic
 17258 | Lair:1   | Reached skill level 13 in Spellcasting
 18009 | Lair:2   | Found a staircase to the Swamp.
 18939 | D:10     | Bought a ring of wizardry for 360 gold pieces
 19131 | Lair:3   | Found a staircase to the Snake Pit.
 19282 | Lair:3   | Noticed a four-headed hydra
 19287 | Lair:3   | Killed a four-headed hydra
 19990 | Lair:4   | Found a transporter.
 19992 | Lair:4   | Found a transporter.
 19994 | Lair:4   | Noticed Duteqan's ghost (journeyman TrFi)
 20439 | Lair:4   | Reached skill level 10 in Fire Magic
 20557 | Lair:4   | Reached XP level 13. HP: 63/63 MP: 24/32
 20753 | Lair:4   | Reached ***** piety under Vehumet
 20860 | Lair:4   | Offered knowledge of Arcjolt by Vehumet.
 20865 | Lair:4   | Reached skill level 5 in Translocations
 20931 | Lair:4   | Learned a level 5 spell: Fireball
 21145 | Lair:5   | Entered Level 5 of the Lair of Beasts
 21145 | Lair:5   | Found a staircase to the Slime Pits.
 22250 | Lair:5   | Reached skill level 10 in Dodging
 22254 | Lair:5   | Reached skill level 14 in Spellcasting
 23114 | Lair:5   | Found a runed translucent door.
 23114 | Lair:5   | Noticed a fire dragon
 23648 | Lair:5   | Noticed a fire dragon
 23674 | Lair:5   | Killed a fire dragon
 23815 | Lair:5   | Reached XP level 14. HP: 68/68 MP: 23/34
 26688 | Orc:1    | Entered Level 1 of the Orcish Mines
 26688 | Orc:1    | Noticed Josephine
 26688 | Orc:1    | Noticed Sonja
 26693 | Orc:1    | Killed Sonja
 26695 | Orc:1    | Reached skill level 1 in Evocations
 26701 | Orc:1    | Killed Josephine
 26703 | Orc:1    | Reached skill level 15 in Spellcasting
 27062 | Orc:1    | Found Loeceot's Assorted Antiques.
 27600 | Orc:1    | Bought a moonstone ring for 115 gold pieces
 27615 | Orc:2    | Entered Level 2 of the Orcish Mines
 28086 | Orc:2    | Offered knowledge of Ozocubu's Refrigeration by Vehumet.
 28101 | Orc:2    | Upgraded the game from 0.30.1-6-gbe392663c4 to
                  | 0.30.1-8-g117510f58f
 28363 | Orc:2    | Found Astrymnu's Magic Scroll Emporium.
 28627 | Orc:2    | Found a staircase to the Elven Halls.
 28704 | Orc:2    | Found Munuosk's General Store.
 28704 | Orc:2    | Found Jasiecogh's Book Emporium.
 29519 | Orc:2    | Found Nifosum's Book Shop.
 29519 | Orc:2    | Found Qotuehen's Magic Scroll Emporium.
 29673 | Orc:2    | Bought a manual of Fire Magic for 960 gold pieces
 29673 | Orc:2    | Bought a book of Flames for 336 gold pieces
 29680 | Orc:2    | Learned a level 4 spell: Sticky Flame
 30169 | D:13     | Identified the +1 ring mail "Girghich" {rN+}
 31088 | D:13     | Reached ****** piety under Vehumet
 31088 | D:13     | Offered knowledge of Plasma Beam by Vehumet.
 31814 | D:14     | Found a gate to the Vaults.
 32032 | D:14     | Reached XP level 15. HP: 72/72 MP: 25/36
 32265 | D:14     | Reached skill level 5 in Evocations
 32269 | D:14     | Reached skill level 16 in Spellcasting
 32706 | D:14     | Found a glowing golden altar of the Shining One.
 32951 | Orc:2    | Bought a There-And-Back Book for 360 gold pieces
 33033 | Swamp:1  | Entered Level 1 of the Swamp
 33061 | Swamp:1  | Noticed Mlioglotl
 33065 | Swamp:1  | Killed by an exploding bloated husk

Illustrated notes

Levels and vault maps discovered:
D:1:      heliophobic_arrival_henge, layout_basic,
          shapermc_ecumenical_altar_mp_urbaneastern, minmay_pentomino_p2
D:2:      layout_basic, dreamdust_wishing_well, minivault_27
D:3:      kennysheep_the_goblin_king, layout_basic, serial_undead,
          serial_undead_c, serial_undead_c, serial_undead_b, serial_undead_c
D:4:      layout_basic, serial_shops, shop, roderic_batcave, st_stairs_14,
          chequers_serial_rivers_large_a
D:5:      minmay_octagon_keep, layout_basic, temple_statues,
          lightli_ossuary_entry_decrepit_ruins
D:6:      layout_layer_cave, nicolae_overflow_hidden_temple
D:7:      minmay_razor_zed, layout_basic, minmay_splitting_lines,
          nicolae_zen_rock_garden, nicolae_shop_fire_sale
          [nicolae_sub_dead_trees]
D:8:      layout_loops_corners
D:9:      layout_basic, elyvilon_altar_4, due_lair_maze_entry_diamond,
          orc_0_dummy, ploomutoo_gammafunk_ghost_potion_laboratory,
          serial_glass, glass_columns_a, glass_columns_a, glass_columns_a,
          glass_columns_a, minmay_increasing_density
D:10:     layout_loops_ring, serial_shops, nicolae_shop_pleasant_corner_grove,
          shop, nicolae_square_shop, nicolae_stop_n_shop_2, shop,
          nicolae_alphabet_shops, uniq_nergalle
D:11:     layout_basic, gammafunk_ghost_necromancy
D:12:     layout_loops_ring
D:13:     layout_basic, hangedman_tell_no_tales
D:14:     layout_basic, hangedman_vaults_entry_quadrant_bands,
          nicolae_tso_swordbearing_angel, hex_medium
Temple:   sentei_temple_godly_chess
Lair:1:   layout_cave_pods, lemuel_fruit_tree
Lair:2:   layout_regular_city, swamp_mist_pool,
          grunt_forest_small_clearing_treed
Lair:3:   layout_gridlike, guppyfry_snake_entry_island
Lair:4:   lemuel_reptile_caves, layout_cave_shapes, gammafunk_ghost_hive,
          grunt_forest_small_clearings, infiniplex_staircase_pool
Lair:5:   wormcave, layout_loops_ring, guppyfry_lair_end_dragon, slime_entry_1,
          gauntlet_entry_generic, nicolae_quartered_pool_little
Swamp:1:  layout_basic_swamp, evilmike_swamp_ruin_house_5, uniq_mlioglotl
Orc:1:    layout_caves, serial_shops, shop, uniq_josephine, uniq_sonja
Orc:2:    st_orc_town, layout_caves, serial_shops, shop, nicolae_orc_lava_room

Skill      XL: |  1  2  3  4  5  6  7  8  9 10 11 12 13 14 15 |
---------------+----------------------------------------------+-----
Conjurations   | 2 3 4 5 7 8 10 11 12 13 | 13.6
Hexes          | 1 2 3 4 5 6 |  6.7
Fire Magic     | 4 5 6 8 9 10 11 12 13 | 13.2
Spellcasting   | 4 5 6 7 9 10 12 13 14 15 16 | 16.1
Translocations | 2 3 4 7 |  7.2
Dodging        | 3 4 7 8 9 10 12 | 12.5
Transmutations | 1 5 6 |  6.0
Air Magic      | 1 4 5 |  5.4
Poison Magic   | 2 5 7 8 9 |  9.1
Earth Magic    | 2 |  2.0
Evocations     | 4 5 |  5.5
Stealth        | |  2.4

Action                     |  1- 3 |  4- 6 |  7- 9 | 10-12 | 13-15 || total
---------------------------+-------+-------+-------+-------+-------++-------
  Melee: Short sword       |     5 |       |       |       |       ||     5
         Staff             |     2 |     7 |     1 |     1 |    33 ||    44
         Dagger            |       |       |       |    12 |       ||    12
   Cast: Foxfire           |    51 |    29 |    47 |    48 |   102 ||   277
         Scorch            |     8 |    29 |   101 |   169 |   209 ||   516
         Magic Dart        |       |    14 |   143 |   192 |   125 ||   474
         Inner Flame       |       |       |    21 |    79 |    40 ||   140
         Volatile Blastmot |       |       |    10 |     6 |       ||    16
         Iskenderun's Myst |       |       |       |    40 |    19 ||    59
         Flame Wave        |       |       |       |     5 |     5 ||    10
         Searing Ray       |       |       |       |     2 |       ||     2
         Stone Arrow       |       |       |       |     5 |   142 ||   147
         Mephitic Cloud    |       |       |       |     4 |     2 ||     6
         Ignite Poison     |       |       |       |     2 |     4 ||     6
         Fireball          |       |       |       |       |    77 ||    77
         Sticky Flame      |       |       |       |       |    23 ||    23
  Evoke: Wand              |       |       |       |       |     1 ||     1
    Use: Scroll            |     7 |     4 |     9 |    15 |     8 ||    43
         Potion            |       |       |     1 |     4 |     7 ||    12
   Stab: Sleeping          |     3 |     1 |       |       |       ||     4
 Armour: Robe              |     8 |     7 |    14 |       |       ||    29
         Steam dragon scal |       |       |     3 |    29 |    70 ||   102
  Dodge: Dodged            |    20 |    14 |    31 |    75 |   205 ||   345
  Block: Other             |     1 |     4 |     9 |    23 |    56 ||    93
         Reflection        |       |       |     1 |     7 |     5 ||    13
